 Dungeon Crawl Stone Soup version 0.21.1-1-g345015f (webtiles) character file.

2065 Mesmaeker13 the Skirmisher (level 9, 0/72 HPs)
             Began as a Black Draconian Gladiator on Feb 5, 2018.
             Was an Initiate of Hepliaklqana.
             Slain by an orc warrior
             ... wielding a +0 short sword
              (12 damage)
             ... on level 8 of the Dungeon.
             The game lasted 00:10:53 (6488 turns).

Mesmaeker13 the Skirmisher (DrGl)                   Turns: 6488, Time: 00:10:54

Health: 0/72       AC:  9    Str: 18    XL:     9   Next: 5%
Magic:  9/9        EV: 16    Int: 10    God:    Hepliaklqana [......]
Gold:   249        SH:  0    Dex: 13    Spells: 8/8 levels left

rFire    . . .     SeeInvis .   A - +1 trident (flame)
rCold    + . .     Gourm    .   (no shield)
rNeg     . . .     Faith    .   (armour unavailable)
rPois    .         Spirit   .   b - +0 hat
rElec    +         Reflect  .   f - +0 cloak
rCorr    .         Harm     .   (no gloves)
MR       .....                  q - +0 pair of boots
Stlth    +.........             (no amulet)
HPRegen  0.22/turn              r - ring of wizardry
MPRegen  0.11/turn              e - ring of protection from cold

@: no status effects
A: breathe lightning, unfitting armour, reduced essence, electricity resistance,
cold-blooded, AC +7
a: Breathe Lightning, Recall Ancestor, Ancestor Identity, Renounce Religion


You were on level 8 of the Dungeon.
You worshipped Hepliaklqana.
Hepliaklqana was noncommittal.
You were not hungry.

You visited 2 branches of the dungeon, and saw 8 of its levels.

You collected 249 gold pieces.

Inventory:

Hand Weapons
 a - a +0 quarterstaff
 A - a +1 trident of flaming (weapon)
Missiles
 y - 7 javelins
 I - a throwing net (quivered)
Armour
 b - a +0 hat (worn)
 f - a +0 cloak (worn)
 p - a scarf of resistance
 q - a +0 pair of boots (worn)
Magical Staves
 F - an uncursed staff of air {unknown}
Jewellery
 e - a ring of protection from cold (right hand)
 r - a ring of wizardry (left hand)
Wands
 D - a wand of enslavement (19)
Scrolls
 i - 2 scrolls of enchant armour
 k - 6 scrolls of remove curse
 l - a scroll of blinking {unknown}
 m - 4 scrolls of teleportation
 u - a scroll of random uselessness {unknown}
 E - a scroll of fog
 G - a scroll of amnesia {unknown}
 H - a scroll of fear {unknown}
Potions
 h - 2 potions of agility
 j - 2 potions of haste
 n - a potion of berserk rage
 o - a potion of heal wounds
 t - a potion of mutation {unknown}
 v - a potion of degeneration
 w - a potion of flight {unknown}
 x - a potion of invisibility {unknown}
 z - a potion of cancellation
 B - 3 potions of curing
 C - a potion of brilliance {unknown}
Books
 g - a book of Conjurations

   Spells                             Type                      Level
   a - Magic Dart                     Conjuration                  1
   b - Searing Ray                    Conjuration                  2
   c - Dazzling Spray                 Conjuration/Hexes            3
   d - Fulminant Prism                Conjuration/Hexes            4
   e - Force Lance                    Conjuration/Translocation    4
   f - Iskenderun's Mystic Blast      Conjuration                  4
 s - a book of Minor Magic

   Spells                             Type                      Level
   a - Magic Dart                     Conjuration                  1
   b - Blink                          Translocation                2
   c - Call Imp                       Summoning                    2
   d - Slow                           Hexes                        2
   e - Conjure Flame                  Conjuration/Fire             3
   f - Mephitic Cloud                 Conjuration/Poison/Air       3
Comestibles
 c - 3 chunks of flesh
 d - 11 rations


   Skills:
 + Level 7.8 Fighting
 + Level 5.1(6.2) Polearms
 - Level 5.2(6.2) Staves
 - Level 1.7 Throwing
 + Level 6.8 Dodging


You had 8 spell levels left.
You didn't know any spells.

Dungeon Overview and Level Annotations

Branches:
Dungeon (8/15)             Temple (1/1) D:7            Lair (0/6) D:8

Altars:
Ashenzari
Cheibriados
Dithmenos
Elyvilon
Fedhas
Gozag
Hepliaklqana
Kikubaaqudgha
Nemelex Xobeh
Okawaru
Qazlal
Ru
Sif Muna
Trog
Uskayaw
Wu Jian
Xom
Yredelemnul
Zin
The Shining One

Shops:
D:5 [

Annotations:
D:7 Joseph


Innate Abilities, Weirdness & Mutations

You can breathe wild blasts of lightning.
Your glossy black scales are hard. (AC +7)
You cannot fit into any form of body armour.
You are resistant to electric shocks. (rElec)
You are cold-blooded and may be slowed by cold attacks.
Your life essence is reduced to manifest your ancestor. (-10% HP)


Message History

The orc warrior hits you but does no damage.
Friðuswiþ hits the wight but does no damage.
The wight barely misses Friðuswiþ.
You hit the orc warrior but do no damage.
The orc warrior is almost dead.
The orc warrior hits you with a short sword.
* * * LOW HITPOINT WARNING * * *
Friðuswiþ hits the wight.
You hit the orc warrior but do no damage.
The orc warrior is almost dead.
The wight hits Friðuswiþ with an enchanted halberd.
The orc warrior hits you with a short sword!
* * * LOW HITPOINT WARNING * * *
Friðuswiþ closely misses the wight.
You barely miss the orc warrior.
You tail-slap the orc warrior, but do no damage.
The orc warrior is almost dead.
The wight hits Friðuswiþ with an enchanted halberd!
The orc warrior hits you with a short sword!
You die...

#..............#..........
#.>...............p.......
#......#.####.#..p........
#.............#.##.######
####'###.####...#.p..# #.#
#.####.#.####[# #.#
#......#.#...<#.##.
#.##########.#..........
#..zRzo@.....#.#....##.#
####..###########)#.......
#!...........# #.#....###
##.##.........# #.#....#
##⌠.⌠##..##########.#....#
###.._..#..##
#......######
#....⌠.⌠.....# #.######
#........Rz..####.###
#.......)....+......# ###


You could see the friendly Friðuswiþ the ancestor, an orc warrior and 2 wights.

Vanquished Creatures
  Pikel (D:8)
  A hippogriff (D:8)
  The ghost of antender the Conjurer, an amateur DrCj of Sif Muna (D:4)
  A hungry ghost (D:7)
  A sky beast (D:5)
  An ice beast (D:5)
  2 centaurs
  A bullfrog (D:7)
  3 scorpions (D:7)
  A crimson imp (D:5)
  A jelly (D:7)
  A bullfrog skeleton (D:5)
  4 hounds (D:4)
  An orc wizard (D:7)
  A centaur skeleton (D:5)
  An iguana (D:4)
  3 worker ants (D:4)
  5 adders
  6 gnolls
  An ooze (D:2)
  An adder skeleton (D:5)
  4 worms
  3 dart slugs
  3 leopard geckos
  11 orcs
  A ball python (D:4)
  4 bats
  2 giant cockroaches
  2 goblins (D:1)
  6 hobgoblins
  A jackal (D:7)
  6 kobolds
  3 quokkas
  2 frilled lizards
  A jackal zombie (D:8)
  A leopard gecko skeleton (D:4)
  9 rats
97 creatures vanquished.

Vanquished Creatures (collateral kills)
  A bullfrog (D:7)
  An orc wizard (D:8)
2 creatures vanquished.

Vanquished Creatures (others)
  2 killer bees (D:8)
  A wight (D:8)
  A hound (D:8)
  An orc wizard (D:8)
  An ancestor (D:7)
  4 orcs (D:8)
10 creatures vanquished.

Grand Total: 109 creatures vanquished

Notes
Turn   | Place    | Note
-------+----------+-------------------------------------------
     0 | D:1      | Mesmaeker13 the Draconian Gladiator began the quest for the Orb.
     0 | D:1      | Reached XP level 1. HP: 17/17 MP: 1/1
   400 | D:1      | Reached XP level 2. HP: 25/25 MP: 2/2
   857 | D:2      | Found a snail-covered altar of Cheibriados.
   942 | D:2      | Reached XP level 3. HP: 20/30 MP: 3/3
  1239 | D:2      | Reached skill level 3 in Fighting
  1965 | D:3      | Reached XP level 4. HP: 29/38 MP: 4/4
  2383 | D:3      | Found a shimmering altar of Xom.
  2469 | D:3      | Found a shadowy altar of Dithmenos.
  2712 | D:3      | Found an opulent altar of Gozag.
  3253 | D:4      | Reached XP level 5. HP: 35/46 MP: 5/5
  3286 | D:4      | Noticed antender's ghost (amateur DrCj)
  3345 | D:4      | Killed antender's ghost
  3345 | D:4      | Reached skill level 4 in Fighting
  3345 | D:4      | Reached XP level 6. HP: 20/53 MP: 6/6
  3566 | D:4      | Found a bloodstained altar of Trog.
  3569 | D:4      | Found a hide-covered altar of Uskayaw.
  3575 | D:4      | Found a stormy altar of Qazlal.
  4010 | D:4      | Found an iron altar of Okawaru.
  4332 | D:4      | Reached skill level 5 in Staves
  4389 | D:4      | Reached skill level 5 in Fighting
  4541 | D:5      | Entered Level 5 of the Dungeon
  4545 | D:5      | Found Socaahud's Armour Shoppe.
  4551 | D:5      | Found a white marble altar of Elyvilon.
  4566 | D:5      | Your scales start taking on a glossy black colour.
  4566 | D:5      | Reached XP level 7. HP: 61/61 MP: 7/7
  4566 | D:5      | Gained mutation: You are resistant to electric shocks. (rElec) [Black Draconian growth]
  4645 | D:5      | Reached skill level 1 in Polearms
  4823 | D:5      | Reached skill level 5 in Dodging
  4960 | D:5      | Found a sacrificial altar of Ru.
  5276 | D:5      | You fall through a shaft for 3 floors!
  5276 | D:8      | Found an ancient bone altar of Kikubaaqudgha.
  5276 | D:8      | Noticed a hippogriff
  5289 | D:8      | Killed a hippogriff
  5289 | D:8      | Reached skill level 6 in Fighting
  5289 | D:8      | Reached XP level 8. HP: 64/70 MP: 8/8
  5317 | D:8      | Found a blossoming altar of Fedhas.
  5825 | D:7      | Found a staircase to the Ecumenical Temple.
  5832 | Temple   | Entered the Ecumenical Temple
  5959 | Temple   | Became a worshipper of Hepliaklqana the Forgotten
  5975 | D:7      | Found a glowing silver altar of Zin.
  6049 | D:7      | Reached skill level 7 in Fighting
  6106 | D:7      | Noticed Joseph
  6258 | D:8      | Found a staircase to the Lair.
  6261 | D:8      | Noticed Pikel
  6292 | D:8      | Killed Pikel
  6292 | D:8      | Reached skill level 5 in Polearms
  6292 | D:8      | Reached XP level 9. HP: 46/72 MP: 9/9
  6451 | D:8      | Found a sparkling altar of Nemelex Xobeh.
  6488 | D:8      | Slain by an orc warrior

Skill      XL: |  1  2  3  4  5  6  7  8 |
---------------+-------------------------+-----
Dodging        | 3 4 5 6 |  6.8
Fighting       | 3 4 5 6 7 |  7.8
Staves         | 4 5 |  5.2
Polearms       | 3 5 |  5.1
Throwing       | |  1.7

Action                   |  1- 3 |  4- 6 |  7- 9 || total
-------------------------+-------+-------+-------++-------
Melee: Quarterstaff      |    96 |   108 |       ||   204
       Tailslap          |    11 |    19 |    24 ||    54
       Trident           |       |    49 |   159 ||   208
Throw: Throwing net      |       |       |     5 ||     5
 Abil: Breathe Lightning |       |       |     1 ||     1
  Use: Scroll            |     5 |     4 |     3 ||    12
       Potion            |       |     1 |     1 ||     2
 Stab: Sleeping          |     1 |       |     2 ||     3
  Eat: Ration            |     1 |       |       ||     1
       Chunk             |       |     8 |     8 ||    16
Armor: Skin              |    26 |    47 |    34 ||   107
Dodge: Dodged            |    61 |   121 |    84 ||   266
